 Dungeon Crawl Stone Soup version 0.27-a0-705-ga0013940fb (webtiles) character file.

Game seed: 8389262548104809476

106 rageheart7 the Insei (level 4, -1/36 HPs)
             Began as a Demigod Transmuter on Mar 23, 2021.
             Slain by an ogre
             ... wielding a +0 giant club
              (2 damage)
             ... on level 2 of the Dungeon.
             The game lasted 00:02:55 (2714 turns).

rageheart7 the Insei (Demigod Transmuter)           Turns: 2714, Time: 00:02:55

Health: -1/36      AC:  3    Str: 11    XL:     4   Next: 30%
Magic:  9/10       EV: 12    Int: 19    God:
Gold:   90         SH:  0    Dex: 14    Spells: 6/7 levels left

rFire    . . .     SeeInvis .     - Unarmed
rCold    . . .     Faith    .   (no shield)
rNeg     . . .     Spirit   .   a - +0 robe
rPois    .         Reflect  .   (helmet currently unavailable)
rElec    .         Harm     .   b - +0 cloak
rCorr    .         Rampage  .   (no gloves)
Will     .....                  (boots currently unavailable)
Stlth    ++........             (no amulet)
HPRegen  0.12/turn              (no ring)
MPRegen  0.12/turn              (no ring)

@: appendages (expiring)
A: horns 2, talons 2, high mp 1, forlorn
a: End Transformation


You were on level 2 of the Dungeon.
You had temporarily grown beastly horns and talons.
You visited 1 branch of the dungeon, and saw 3 of its levels.

You collected 90 gold pieces.

Inventory:

Armour
 a - a +0 robe (worn)
 b - a +0 cloak (worn)
 c - a +0 pair of boots (melded)


   Skills:
 * Level 1.7 Fighting
 - Level 1.7 Dodging
 + Level 0.6 Stealth
 * Level 3.8 Unarmed Combat
 * Level 2.3 Spellcasting
 * Level 2.3 Transmutations


You had 6 spell levels left.
You knew the following spells:

 Your Spells              Type           Power      Damage    Failure   Level
a - Beastly Appendage     Tmut           22%        N/A       6%          1

Your spell library contained the following spells:

 Spells                   Type           Power      Damage    Failure   Level
 Wereblood                Tmut           11%        N/A       10%         2
 Spider Form              Tmut/Pois      3%         N/A       30%         3
 Ice Form                 Ice/Tmut       6%         N/A       69%         4
 Blade Hands              Tmut           5%         N/A       86%         5


Dungeon Overview and Level Annotations

Branches:
Dungeon (3/15)

Annotations:
D:3 Sigmund


Innate Abilities, Weirdness & Mutations

You have temporarily grown beastly horns and talons.
Your attributes grow dramatically as you level up.
You have an increased reservoir of magic. (+10% MP)
You shall have no god before yourself.


Message History

You open the door.
A hobgoblin, an ogre and Sigmund come into view.
Sigmund is wielding a +0 scythe and wearing a +2 robe of cold resistance.
Sigmund shouts!
The ogre shouts!
The hobgoblin shouts!
Found a box of beasts.
There are monsters nearby!
There are monsters nearby!
Sigmund says, "Now you see me, now you don't..."
Sigmund gestures at himself while chanting.
Sigmund flickers and vanishes!
Deactivating autopickup; reactivate with Ctrl-A.
There is a stone staircase leading up here.
You climb upwards.
Reactivating autopickup.
There is a stone staircase leading down here.
Casting: Beastly Appendage (safe; 6% risk of failure)
Confirm with . or Enter, or press ? or * to list all spells.
You grow a pair of large bovine horns.
Your feet morph into talons.
Your +0 pair of boots melds into your body.
The ogre closely misses you.
You hit the ogre. Your headbutt misses the ogre.
The ogre is lightly wounded.
The ogre closely misses you.
You hit the ogre. Your kick misses the ogre. You headbutt the ogre!
You punch the ogre, but do no damage.
The ogre is heavily wounded.
The ogre misses you.
You hit the ogre but do no damage. You claw the ogre, but do no damage.
The ogre is heavily wounded.
Your transformation is almost over.
The ogre hits you with a +0 giant club!!
Ouch! That really hurt!
You closely miss the ogre. You claw the ogre.
The ogre is severely wounded.
The ogre hits you with a +0 giant club!
* * * LOW HITPOINT WARNING * * *
You barely miss the ogre. You claw the ogre.
The ogre is almost dead.
The ogre hits you with a +0 giant club.
You die...

#.........###......####.#.###.
##...##.### #.#....####.#.###.
##.###.#####.##.#......#.##.# #.#
#.......##.########.#.## #.#
##########.# #.##.# ## ##.##
##'## #.###. .####...#### ##...##
#..... .#.........# ##.....##
#####. .#.##......# ##@O.....##
##.##.
.#.###.#...####.........####...#.
..............'.........'........
.#.........####.........####...#.
.#####.##.######.......## ##.##.
## #.#........#....)## ####.
#.#.######.##...## #. ##.#.#
#.###'## ##. #....#### #.# #.#
#..


You could see an ogre.

Vanquished Creatures
  Jessica (D:2)
  A worker ant (D:2)
  2 adders (D:2)
  4 giant cockroaches
  2 goblins (D:1)
  4 hobgoblins
  4 oozes
  2 quokkas
  3 ball pythons
  3 bats
  A frilled lizard (D:2)
  8 kobolds
  3 rats
38 creatures vanquished.

Notes
Turn   | Place    | Note
-------+----------+-------------------------------------------
     0 | D:1      | rageheart7 the Demigod Transmuter began the quest for the
                  | Orb.
     0 | D:1      | Reached XP level 1. HP: 15/15 MP: 5/5
    22 | D:1      | Reached skill level 1 in Fighting
   120 | D:1      | You fall into a shaft and drop 1 floor!
   121 | D:2      | Noticed a worker ant
   133 | D:2      | Reached skill level 3 in Unarmed Combat
   293 | D:2      | Reached XP level 2. HP: 12/23 MP: 5/7
  1406 | D:1      | Reached XP level 3. HP: 28/28 MP: 6/8
  1698 | D:2      | Noticed Jessica
  1703 | D:2      | Killed Jessica
  2208 | D:2      | Reached XP level 4. HP: 18/36 MP: 8/10
  2692 | D:3      | Noticed Sigmund
  2692 | D:3      | Noticed an ogre
  2713 | D:2      | HP: 1/36 [ogre/+0 giant club (17)]
  2714 | D:2      | Slain by an ogre

Illustrated notes

Levels and vault maps discovered:
D:1:      scummos_arrival_star, layout_basic
D:2:      layout_loops_corners, nicolae_ru_great_annihilating_truth,
          gammafunk_temple_overflow_pools, uniq_jessica
D:3:      layout_basic, old_standard_altar, dk_noncrumbling_4, uniq_sigmund

Skill      XL: |  1  2 |
---------------+-------+-----
Fighting       | 1 |  1.7
Unarmed Combat | 3 |  3.8
Spellcasting   | 2 |  2.3
Transmutations | 2 |  2.3
Dodging        | |  1.7
Stealth        | |  0.6

Action                   |  1- 3 |  4- 6 || total
-------------------------+-------+-------++-------
Melee: Unarmed           |    90 |    11 ||   101
       Kick              |    15 |     3 ||    18
       Headbutt          |    12 |     2 ||    14
       Punch             |       |     1 ||     1
 Cast: Beastly Appendage |    19 |     3 ||    22
 Stab: Sleeping          |     2 |       ||     2
       Paralysed         |     1 |       ||     1
Armor: Robe              |    13 |       ||    13
Dodge: Dodged            |    43 |     9 ||    52

Table legend: (Time is in decaauts)
 A = Elapsed time spent in this place.
 B = Non-inter-level travel time spent in this place.
 C = Inter-level travel time spent in this place.
 D = Time resting spent in this place.
 E = Time spent auto-exploring this place.
 F = Levels seen in this place.
 G = Mean time per level.
                   A        B        C        D        E       F      G
               +--------+--------+--------+--------+--------+-----+--------+
         Total |   2708 |   2619 |     89 |    584 |   1667 |   3 |  902.7 |
       Dungeon |   2708 |   2619 |     89 |    584 |   1667 |   3 |  902.7 |
               +--------+--------+--------+--------+--------+-----+--------+

Top non-repeatable levels by time:
     D:2: 1739 daAuts
     D:1: 935 daAuts
     D:3: 32 daAuts
